 Dungeon Crawl Stone Soup version 0.28.0-53-g5a82cb258f (webtiles) character file.

Game seed: 9096489712016303419

1610 jiml777 the Digger (level 8, 0/44 HPs)
             Began as a Gargoyle Earth Elementalist on June 10, 2022.
             Slain by a manticore (3 damage)
             ... on level 6 of the Dungeon.
             The game lasted 00:31:21 (6298 turns).

jiml777 the Digger (Gargoyle Earth Elementalist)    Turns: 6298, Time: 00:31:22

Health: 0/44       AC: 12    Str: 12    XL:     8   Next: 95%
Magic:  13/16      EV: 12    Int: 18    God:
Gold:   366        SH:  0    Dex: 10    Spells: 10/18 levels left

rFire   . . .      SeeInvis .   t - +2 short sword (protect)
rCold   . . .      Faith    .   (no shield)
rNeg    + . .      Spirit   .   p - +0 leather armour
rPois   ∞          Reflect  .   (no helmet)
rElec   +          Harm     .   f - +2 cloak
rCorr   .          Rampage  .   (no gloves)
Will    .....                   (no boots)
Stlth   ++........              (no amulet)
HPRegen 0.14/turn               (no ring)
MPRegen 0.15/turn               (no ring)

@: spiked
A: sickness immunity, AC +5, negative energy resistance 1, electricity
resistance, torment resistance 1, petrification resistance
a: no special abilities


You were on level 6 of the Dungeon.
You visited 1 branch of the dungeon, and saw 6 of its levels.

You collected 366 gold pieces.

Inventory:

Hand Weapons
 t - a +2 short sword of protection (weapon)
 u - a +3 quarterstaff of chaos
 y - a +0 hunting sling
Missiles
 c - 129 stones
 g - 107 arrows
 o - 2 datura-tipped darts
 w - 66 sling bullets
Armour
 b - a +0 robe
 f - a +2 cloak (worn)
 p - a +0 leather armour (worn)
Magical Staves
 e - a staff of conjuration
 v - a staff of poison
Jewellery
 d - a ring of fire
Scrolls
 a - a scroll of teleportation {unknown}
 l - a scroll of acquirement {unknown}
 n - a scroll of enchant weapon {unknown}
 r - 2 scrolls of blinking {unknown}
 x - a scroll of fog {unknown}
Potions
 h - 3 potions of might
 i - 3 potions of brilliance
 j - 2 potions of mutation
 k - 2 potions of heal wounds
 m - a potion of haste {unknown}
 q - a potion of resistance {unknown}
 s - 2 potions of attraction {unknown}
 z - a potion of cancellation {unknown}


   Skills:
 + Level 2.0 Fighting
 + Level 3.2 Short Blades
 + Level 2.7 Armour
 - Level 3.0 Dodging
 + Level 3.6 Stealth
 + Level 5.7 Spellcasting
 * Level 2.9 Translocations
 + Level 0.8 Transmutations
 + Level 7.2 Earth Magic


You had 10 spell levels left.
You knew the following spells:

 Your Spells              Type           Power      Damage    Failure   Level
a - Sandblast             Erth           62%        2d14      1%          1
b - Passwall              Tmut/Erth      15%        N/A       4%          2
c - Stone Arrow           Conj/Erth      36%        3d9       11%         3
d - Blink                 Tloc           30%        N/A       7%          2

Your spell library contained the following spells:

 Spells                   Type           Power      Damage    Failure   Level
 Lesser Beckoning         Tloc           15%        N/A       14%         3
 Ensorcelled Hibernation  Hex/Ice        10%        N/A       24%         2
 Petrify                  Tmut/Erth      19%        N/A       30%         4
 Spider Form              Tmut/Pois      6%         N/A       36%         3
 Ozocubu's Armour         Ice            5%         N/A       43%         3
 Manifold Assault         Tloc           15%        N/A       78%         5
 Anguish                  Hex/Necr       2%         N/A       83%         4
 Metabolic Englaciation   Hex/Ice        2%         N/A       99%         5
 Simulacrum               Ice/Necr       2%         N/A       100%        6


Dungeon Overview and Level Annotations

Branches:
Dungeon (6/15)
 Temple: D:4-7

Altars:
Qazlal


Innate Abilities, Weirdness & Mutations

You are immune to sickness and miasma.
Your stone body is resilient. (AC +5)
You are immune to poison.
You resist negative energy. (rN+)
You are resistant to electric shocks. (rElec)
You are resistant to unholy torment.
You are immune to petrification.


Message History

Things that are here:
a +0 flail; an orc corpse Magic restored.
HP restored.
You open the door.
There is an open door here.
Found 16 gold pieces.
The manticore flicks its tail.
The volley of spikes hits you!
The barbed spikes become lodged in your body.
The barbs in your skin will harm you if you move.
Continue?
Okay, then.
Casting: Sandblast (safe; 1% risk of failure)
Confirm with . or Enter, or press ? or * to list all spells.
Aiming: Sandblast (safe; 1% risk of failure)
Press: ? - help, Shift-Dir - straight line, f - manticore
Aim: a manticore (89% to hit)
The blast of sand hits the manticore!!
The manticore is heavily wounded.
The manticore flicks its tail.
The volley of spikes hits you!
The barbed spikes become lodged in your body.
Casting: Sandblast (safe; 1% risk of failure)
Confirm with . or Enter, or press ? or * to list all spells.
Aiming: Sandblast (safe; 1% risk of failure)
Press: ? - help, Shift-Dir - straight line, f/p - manticore
Aim: a manticore (heavily wounded, 89% to hit)
The blast of sand misses the manticore.
A wight comes into view. It is wielding a +5 spear.
Casting: Sandblast (safe; 1% risk of failure)
Confirm with . or Enter, or press ? or * to list all spells.
Aiming: Sandblast (safe; 1% risk of failure)
Press: ? - help, Shift-Dir - straight line, f/p - manticore
Aim: a manticore (heavily wounded, 89% to hit)
The blast of sand hits the manticore!
The manticore is almost dead.
The manticore bites you!
* * * LOW HITPOINT WARNING * * *
The manticore claws you.
You die...

########### ###
#.........######..
#.........'....#..
#.........#....#..
#.........#....#..
######.........######..
#.....@................
#....H#########......##
#.....#.......#......#
#.....#.......#......#
#.....#.......#......#
#.....#.......#......#
#.....#.......########
z..$..#.......##....#
#........#....##


You could see a manticore and a wight.

Vanquished Creatures
  Grinder (D:5)
  Eustachio (D:5)
  Sigmund (D:3)
  Menkaure (D:5)
  A necrophage (D:5)
  An ogre (D:4)
  2 phantoms
  2 bullfrog zombies
  A centaur zombie (D:6)
  2 hounds
  A jelly (D:4)
  2 orc priests (D:6)
  Crazy Yiuf (D:3)
  Jessica (D:2)
  3 orc wizards
  An iguana (D:6)
  7 gnolls (D:4)
  10 adders
  A white imp (D:6)
  2 ufetubi (D:5)
  An adder zombie (D:5)
  A worm (D:3)
  2 dart slugs
  8 orcs
  5 bats
  6 endoplasms
  3 giant cockroaches
  7 goblins
  6 hobgoblins
  2 jackals (D:5)
  4 quokkas
  5 ball pythons
  A frilled lizard (D:1)
  9 kobolds
  5 rats
107 creatures vanquished.

Notes
Turn   | Place    | Note
-------+----------+-------------------------------------------
     0 | D:1      | jiml777 the Gargoyle Earth Elementalist began the quest for
                  | the Orb.
     0 | D:1      | Reached XP level 1. HP: 10/10 MP: 3/3
   302 | D:1      | Reached skill level 4 in Earth Magic
   306 | D:1      | Reached XP level 2. HP: 15/15 MP: 1/5
   860 | D:1      | Reached XP level 3. HP: 20/20 MP: 4/6
  1167 | D:2      | Learned a level 2 spell: Passwall
  1171 | D:2      | Learned a level 3 spell: Stone Arrow
  1191 | D:2      | Found a stormy altar of Qazlal.
  1481 | D:2      | Reached XP level 4. HP: 20/24 MP: 8/8
  1857 | D:2      | Noticed Jessica
  1858 | D:2      | Killed Jessica
  1859 | D:2      | Reached skill level 5 in Earth Magic
  1968 | D:2      | Reached XP level 5. HP: 28/28 MP: 7/9
  2340 | D:3      | Noticed Sigmund
  2344 | D:3      | Killed Sigmund
  2345 | D:3      | Reached skill level 1 in Fighting
  2345 | D:3      | Reached skill level 1 in Short Blades
  2345 | D:3      | Reached XP level 6. HP: 23/34 MP: 5/11
  3284 | D:3      | Found a runed translucent door.
  3285 | D:3      | Noticed Crazy Yiuf
  3293 | D:3      | Killed Crazy Yiuf
  3568 | D:4      | Reached skill level 6 in Earth Magic
  3568 | D:4      | Reached XP level 7. HP: 33/38 MP: 12/12
  4205 | D:4      | Learned a level 2 spell: Blink
  4780 | D:4      | Reached skill level 1 in Armour
  5154 | D:5      | Entered Level 5 of the Dungeon
  5169 | D:5      | Reached skill level 1 in Translocations
  5201 | D:5      | Noticed Grinder
  5206 | D:5      | Noticed Eustachio
  5214 | D:5      | Paralysed by Grinder for 2 turns
  5218 | D:5      | Killed Grinder
  5219 | D:5      | Reached XP level 8. HP: 34/44 MP: 7/14
  5261 | D:5      | Killed Eustachio
  5385 | D:5      | Reached skill level 5 in Spellcasting
  5401 | D:5      | Noticed Menkaure
  5405 | D:5      | Killed Menkaure
  5406 | D:5      | Reached skill level 7 in Earth Magic
  5930 | D:6      | Noticed a manticore
  6298 | D:6      | Slain by a manticore

Illustrated notes

Levels and vault maps discovered:
D:1:      dpeg_arrival_rooms_b, layout_loops_ring
D:2:      layout_basic, basic_altar, uniq_jessica
D:3:      minmay_door_path, layout_rooms, uniq_sigmund, uniq_crazy_yiuf_cottage
D:4:      layout_loops_ring, minivault_5
D:5:      layout_rooms, uniq_eustachio, uniq_grinder, uniq_menkaure
D:6:      layout_gridville, minmay_temple_entry_statues_fountains, uniq_pikel

Skill      XL: |  1  2  3  4  5  6  7  8 |
---------------+-------------------------+-----
Earth Magic    | 4 5 6 7 |  7.2
Spellcasting   | 3 4 5 |  5.7
Fighting       | 1 2 |  2.0
Short Blades   | 1 3 |  3.2
Dodging        | 2 3 |  3.0
Stealth        | 3 |  3.6
Armour         | 2 |  2.7
Translocations | 1 2 |  2.9
Transmutations | |  0.8

Action                   |  1- 3 |  4- 6 |  7- 9 || total
-------------------------+-------+-------+-------++-------
Melee: Dagger            |     4 |       |       ||     4
       Short sword       |    11 |   116 |   142 ||   269
       Punch             |       |     2 |       ||     2
 Cast: Sandblast         |    44 |    37 |    63 ||   144
  Use: Scroll            |     3 |       |     3 ||     6
       Potion            |       |       |     1 ||     1
 Stab: Sleeping          |     1 |       |       ||     1
Armor: Robe              |     7 |    39 |       ||    46
       Leather armour    |       |    28 |   104 ||   132
Dodge: Dodged            |    13 |    87 |    96 ||   196
